 Dungeon Crawl Stone Soup version bcrawl-1.40 (webtiles) character file.

Game seed: 14277895052729141014

461981 zoran the Spear-Bearer (level 16, 0/136 HPs)
             Began as a Demigod Archaeologist on Oct 21, 2023.
             Slain by a merfolk impaler
             ... wielding a +4 demon trident of freezing
              (9 damage)
             ... on level 3 of the Shoals.
             The game lasted 01:04:48 (27644 turns).

zoran the Spear-Bearer (Demigod Archaeologist)     Turns: 27644, Time: 01:04:49

Health: 0/136      AC: 15    Str: 25    XL:     16   Next: 3%
Magic:  18/18      EV: 16    Int: 25    God:    Demigod [******]
Gold:   76         SH:  0    Dex: 13    Spells: 13/18 levels left

rFire    + + +     GDR:     33% h - +7 demon trident (antimagic)
rCold    + . .     SeeInvis .   (no shield)
rNeg     . . .     Gourm    .   p - +2 ring mail "Maovoek" {+Blink MP+9 Str+4}
rPois    +         Faith    .   d - +1 hat
rElec    +         Spirit   .   (no cloak)
rCorr    +         Reflect  .   a - +2 pair of gloves of the Kettle-Drum {rElec MR+ rCorr Dex-2}
MR       ++++.                  r - +0 pair of boots
Stlth    ++........             X - amulet of Egomania {Regen Fragile rF++ Slay+5}
HPRegen  0.86/turn              N - ring of protection from magic
MPRegen  0.16/turn              Z - ring "Zimace" {rPois rF+ rC+ MR+ Int+3}

@: studying Summonings
A: high mp 1
a: Temporal Distortion, Growth, Major Destruction, Heroism, Divine Shield,
Smiting, Evoke Blink


You were on level 3 of the Shoals.
You worshipped Demigod.
Demigod was exalted by your worship.
You were not hungry.

You visited 5 branches of the dungeon, and saw 25 of its levels.

You collected 2431 gold pieces.
You spent 2355 gold pieces at shops.

Inventory:

Hand Weapons
 b - a +0 blowgun
 h - a +7 antimagic demon trident (weapon)
Missiles
 f - 37 curare-tipped needles
 n - 482 javelins
 u - 2 throwing nets {=f}
 y - 798 poisoned tomahawks (quivered)
Armour
 a - the +2 pair of gloves of the Kettle-Drum (worn) {rElec MR+ rCorr Dex-2}
   (You found it on level 11 of the Dungeon)

   It affects your dexterity (-2).
   It insulates you from electricity.
   It affects your resistance to hostile enchantments.
   It provides partial protection from all sources of acid and corrosion.
 d - a +1 hat (worn)
 p - the +2 ring mail "Maovoek" (worn) {+Blink MP+9 Str+4}
   (You found it on level 3 of the Lair of Beasts)

   It affects your strength (+4).
   It affects your magic capacity (+9).
   It lets you blink.
 r - a +0 pair of boots (worn)
Jewellery
 s - an uncursed amulet of the acrobat {unknown}
 N - a ring of protection from magic (left hand)
 X - the amulet of Egomania (around neck) {Regen Fragile rF++ Slay+5}
   (You acquired it on level 6 of the Lair of Beasts)

   [amulet of regeneration]

   It affects your accuracy and damage with ranged weapons and melee attacks
   (+5).
   It greatly protects you from fire.
   It will be destroyed if unequipped.
 Z - the ring "Zimace" (right hand) {rPois rF+ rC+ MR+ Int+3}
   (You acquired it on level 6 of the Lair of Beasts)

   [ring of poison resistance]

   It affects your intelligence (+3).
   It protects you from fire.
   It protects you from cold.
   It protects you from poison.
   It affects your resistance to hostile enchantments.
Wands
 t - a wand of polymorph (25)
 x - a wand of iceblast (19)
 C - a wand of charming (4)
 E - a wand of scattershot (3)
 F - a wand of flame (26)
 H - a wand of disintegration (21)
 I - a wand of acid (12)
 K - a wand of paralysis (15)
 M - a wand of clouds (5)
 V - a wand of digging (9)
Scrolls
 g - 6 scrolls of revelation
 i - a scroll of identify
 j - a scroll of summoning
 l - 9 scrolls of teleportation
 o - 9 scrolls of remove curse
 v - a scroll of vulnerability {unknown}
 w - a scroll of torment {unknown}
 z - 4 scrolls of immolation
 B - 2 scrolls of silence
 J - a scroll of fog {unknown}
 P - 3 scrolls of enchant armour
Potions
 k - 3 potions of cancellation
 m - 3 potions of flight
 q - 4 potions of brilliance
 A - 6 potions of curing
 D - 5 potions of invisibility
 G - 9 potions of mutation
 L - 2 potions of might
 O - a potion of ambrosia
 Q - 2 potions of magic
 S - 2 potions of resistance
 T - 3 potions of haste
 U - a potion of lignification
Miscellaneous
 c - a lightning rod (1/4)
 R - a box of beasts
 Y - a lamp of fire
Comestibles
 e - 41 rations {!d}
 W - a chunk of flesh


   Skills:
 * Level 10.9 Fighting
   Level 1.0 Maces & Flails
 * Level 12.7 Polearms
 - Level 10.0 Throwing
 - Level 10.0 Armour
 - Level 10.0 Dodging
 - Level 5.0 Stealth
 + Level 1.8 Spellcasting
 + Level 3.0 Summonings
 - Level 10.0 Invocations
 - Level 10.0 Evocations


You had 13 spell levels left.
You knew the following spells:

 Your Spells              Type           Power        Failure   Level  Hunger
a - Summon Forest         Summ/Tloc      #.........   94%         5    #######

Your spell library contained the following spells:

 Spells                   Type           Power        Failure   Level  Hunger
 Call Canine Familiar     Summ           ###.....     14%         3    ####...
 Sublimation of Blood     Necr           #.........   24%         2    ###....
 Recall                   Summ/Tloc      N/A          26%         3    ####...
 Beckoning                Tloc           #.........   43%         3    ####...
 Confuse                  Hex            #.......     43%         3    ####...
 Dazzling Orbs            Conj/Hex       #......      43%         3    ####...
 Ignite Poison            Fire/Tmut/Pois #.......     43%         3    ####...
 Portal Projectile        Tloc           #.....       43%         3    ####...
 Summon Ice Beast         Ice/Summ       #.......     65%         4    ######.
 Summon Demon             Summ           ###.......   78%         5    #######
 Force Lance              Tloc           #.......     85%         4    ######.
 Petrify                  Tmut/Erth      #.........   85%         4    ######.
 Sticky Flame             Conj/Fire      #.......     85%         4    ######.
 Tree Form                Hex/Tmut       N/A          85%         4    ######.
 Yara's Violent Unravell  Hex/Tmut       #.........   85%         4    ######.
 Summon Mana Viper        Hex/Summ       #.......     94%         5    #######
 Silence                  Hex/Air        #.........   99%         5    #######
 Aura of Abjuration       Summ           ###.......   100%        6    #######
 Conjure Ball Lightning   Conj/Air       #.........   100%        6    #######
 Dispersal                Tloc           #.........   100%        6    #######
 Ozocubu's Refrigeration  Ice            #.........   100%        6    #######
 Statue Form              Tmut/Erth      #........    100%        6    #######
 Summon Hydra             Summ           ###.......   100%        6    #######
 Virulence                Hex/Pois       #.......     100%        6    #######
 Controlled Blink         Tloc           #.......     100%        7    #######
 Dragon Form              Tmut           #......      100%        7    #######
 Icicle Burst             Conj/Ice       #.........   100%        7    #######
 Monstrous Menagerie      Summ           ###.......   100%        7    #######
 Scorpion Form            Tmut/Pois      #.........   100%        7    #######
 Shadow Creatures         Summ           N/A          100%        7    #######
 Summon Fire Elementals   Fire/Summ      #........    100%        7    #######
 Necromutation            Tmut/Necr      #.......     100%        8    #######
 Tornado                  Tloc/Air       #.........   100%        8    #######
 Shatter                  Erth           #.........   100%        9    #######


Dungeon Overview and Level Annotations

Branches:
Dungeon (12/12)            Temple (0/1) D:5            Lair (6/6) D:7
  Swamp (3/3) Lair:2       Shoals (3/3) Lair:3        Slime (0/5) Orc
    Orc (1/1) D:8             Elf (0/3) Lair:5       Vaults (0/3) D:12
 Depths (0/5) D:12

Shops:
D:4 !   D:10 [   D:11 (}((%   Orc =*(*(   Shoals:1 :   Shoals:3 [

Annotations:
D:3 2 runed translucent doors, yrara's ghost, amateur DsFi
Swamp:3 Bai Suzhen


Innate Abilities, Weirdness & Mutations

You have an increased reservoir of magic. (+10% MP)


Message History

Your snapping turtle misses the merfolk impaler.
The merfolk impaler hits you from afar with a +1 trident of venom!
* * * LOW HITPOINT WARNING * * *
The merfolk impaler closely misses you.
There is a stone staircase leading up, spattered with blood here.
You feel better. The merfolk impaler closely misses you.
Your snapping turtle misses the merfolk impaler.
The merfolk impaler hits you from afar with a +4 demon trident of freezing!!
* * * LOW HITPOINT WARNING * * *
The merfolk impaler freezes you.
* * * LOW HITPOINT WARNING * * *
The merfolk impaler closely misses you.
A merfolk impaler comes into view.
It is wielding a +1 trident of protection.
The merfolk impaler closely misses you.
Your snapping turtle bites the merfolk impaler!
The merfolk impaler hits you from afar with a +1 trident of venom!
* * * LOW HITPOINT WARNING * * *
The merfolk impaler hits you from afar with a +4 demon trident of freezing!
You die...
Your divinity fades.

≈≈≈≈≈≈≈≈≈≈≈≈≈≈≈≈≈≈≈≈..# *,,≈≈≈≈
≈≈≈≈≈≈≈≈≈≈≈≈≈≈≈≈≈≈≈≈≈(###*,,≈≈,
≈≈≈≈≈≈≈≈m≈≈≈≈≈≈≈≈≈≈≈≈.....≈≈≈≈≈
≈≈≈≈≈≈≈≈≈≈≈≈≈≈≈≈≈≈≈≈≈..≈≈≈≈≈≈≈≈
≈≈≈≈≈≈≈≈≈≈≈≈≈≈≈≈≈≈≈≈≈≈≈≈≈≈≈≈≈≈≈
≈≈≈≈≈≈≈≈≈≈≈≈≈≈≈≈≈≈≈≈.≈≈≈≈≈≈≈≈≈≈
≈≈≈≈≈≈≈≈≈≈≈≈≈≈≈≈m≈≈≈.≈≈≈≈≈..≈≈≈
≈≈≈≈≈≈≈≈≈..≈≈≈≈..≈≈≈≈≈≈≈≈≈≈.≈≈≈
≈≈≈≈≈≈≈≈.....≈@tm...≈..≈≈≈≈≈≈≈≈
≈≈≈≈≈≈≈.####...###...≈≈≈≈..≈≈≈≈
≈≈≈≈≈≈≈.####...###......####≈≈≈
≈≈≈≈≈≈..................####.≈≈
≈≈≈≈≈..............t......#.≈≈≈
≈≈≈≈≈.............)..÷......≈≈≈
≈≈≈≈≈≈...................≈≈≈≈≈≈
≈≈≈≈≈≈≈.............≈≈≈≈≈≈≈≈≈≈≈
≈≈≈≈≈≈≈≈.........(.≈≈≈≈≈≈≈≈≈≈≈≈


You could see 3 merfolk impalers and a friendly snapping turtle.

Vanquished Creatures
  Kirke (Swamp:1)
  Roxanne (Swamp:2)
  Aizul (Shoals:1)
  5 dire elephants (Lair:6)
  A merfolk javelineer (Shoals:1)
  An ettin (D:12)
  A merfolk impaler (Shoals:3)
  Urug (Lair:1)
  10 hydras
  Erica (Orc)
  An alligator snapping turtle (Shoals:2)
  6 alligators
  A ghost crab (Swamp:3)
  3 merfolk avatars
  A satyr (Shoals:1)
  3 anacondas
  4 tengu warriors
  2 sea snakes (Shoals:2)
  A two-headed ogre (D:12)
  6 orc high priests (Orc)
  A spriggan (Swamp:2)
  3 centaur warriors
  2 lindwurms
  A spriggan druid (Swamp:2)
  A deep elf archer (D:12)
  A swamp dragon (Swamp:1)
  5 cyclopes
  An orc knight (D:10)
  3 deep elf magi
  12 harpies
  3 slime creatures
  An ugly thing (D:11)
  2 orc sorcerers
  A manticore (Shoals:2)
  2 fauns (Shoals:1)
  A moth of wrath (Shoals:1)
  17 elephants
  3 merfolk sirens
  2 water nymphs
  2 black mambas (Lair:2)
  A gargoyle (D:12)
  12 cane toads
  2 kobold demonologists
  2 rime drakes (Lair:5)
  4 yaktaurs (D:12)
  3 komodo dragons
  3 tengu conjurers
  A harpy zombie (D:11)
  6 trolls
  2 polar bears
  17 blink frogs
  5 tyrant leeches
  A hornet (shapeshifter) (D:12)
  6 dream sheep
  7 merfolk
  4 hornets
  A bog body (Swamp:2)
  4 meliai zombies
  2 wind drakes
  15 hippogriffs
  Grum (Lair:5)
  3 snapping turtles
  A shapeshifter (Shoals:1)
  A shadow (D:11)
  57 yaks
  A wraith (D:10)
  5 hogs (Swamp:1)
  3 water elementals
  A basilisk (D:7)
  15 vampire mosquitoes
  Edmund (D:6)
  An acid dragon (D:10)
  6 swamp worms
  19 crocodiles
  7 water moccasins
  A soldier ant (D:10)
  8 porcupines
  3 sky beasts
  3 swamp drakes
  6 ice beasts
  A phantom (D:10)
  4 black bears
  15 orc warriors
  A necrophage (D:8)
  3 boggarts (Swamp:1)
  9 wolves
  10 ogres
  9 kobold brigands
  14 bullfrogs
  12 centaurs
  3 scorpions
  A howler monkey (D:6)
  23 orc priests
  6 crimson imps
  2 bullfrog zombies
  8 hounds
  2 jellies
  2 bullfrog skeletons
  An iguana (D:8)
  15 orc wizards
  9 worker ants
  2 hound skeletons (D:4)
  A howler monkey zombie (D:7)
  9 adders
  11 river rats (D:5)
  3 shadow imps
  12 white imps (Lair:1)
  An ooze (D:5)
  2 adder zombies (D:8)
  2 adder skeletons
  4 worms
  2 dart slugs
  7 leopard geckos
  70 orcs
  9 bats
  3 giant cockroaches
  13 hobgoblins
  8 jackals
  26 kobolds
  11 quokkas
  A ball python (D:3)
  2 frilled lizards (D:1)
  7 goblins
  A jackal skeleton (D:3)
  2 quokka skeletons
  20 rats
  A butterfly (Lair:1)
  A fungus (Lair:2)
  A plant (Lair:3)
738 creatures vanquished.

Vanquished Creatures (others)
  A fungus (Lair:5)
  46 plants
47 creatures vanquished.

Grand Total: 785 creatures vanquished

Notes
Turn   | Place    | Note
-------+----------+-------------------------------------------
     0 | D:1      | zoran the Demigod Archaeologist began the quest for the
                  | Orb.
     0 | D:1      | Reached XP level 1. HP: 15/15 MP: 3/3
    57 | D:1      | Reached skill level 1 in Fighting
   136 | D:1      | Reached skill level 1 in Maces & Flails
   296 | D:1      | Reached XP level 2. HP: 23/23 MP: 4/4
   348 | D:1      | Reached skill level 1 in Invocations
   820 | D:1      | Reached skill level 1 in Evocations
   820 | D:1      | Reached XP level 3. HP: 15/28 MP: 6/6
  1169 | D:2      | Reached * piety under Demigod
  1375 | D:2      | Found an iron altar of Okawaru.
  1823 | D:3      | Reached XP level 4. HP: 17/36 MP: 8/8
  2202 | D:3      | Found a sacrificial altar of Ru.
  2228 | D:3      | Reached skill level 1 in Throwing
  2234 | D:3      | Reached XP level 5. HP: 31/44 MP: 9/9
  2234 | D:3      | Identified a scroll of acquirement
  2240 | D:3      | Identified the ring of Xipiashro {+Fly rC+ rN++ Dex-3
                  | Stlth+} (You acquired it on level 3 of the Dungeon)
  2368 | D:3      | Reached ** piety under Demigod
  2457 | D:3      | Found a large runed translucent door.
  2458 | D:3      | Found a large runed translucent door.
  2458 | D:3      | Noticed yrara's ghost (amateur DsFi)
  3116 | D:4      | Reached skill level 1 in Polearms
  3221 | D:4      | Noticed Edmund
  3224 | D:4      | Noticed an ogre
  3236 | D:4      | Killed an ogre
  3237 | D:4      | Reached skill level 2 in Polearms
  3237 | D:4      | Reached XP level 6. HP: 35/51 MP: 5/10
  3343 | D:4      | Found Tuunacs's Distillery.
  3353 | D:4      | Bought a potion of lignification for 33 gold pieces
  3353 | D:4      | Bought a potion of curing for 27 gold pieces
  3353 | D:4      | Bought a potion of berserk rage for 33 gold pieces
  3353 | D:4      | Bought a potion of invisibility for 88 gold pieces
  4408 | D:5      | Entered Level 5 of the Dungeon
  4414 | D:5      | Reached skill level 3 in Polearms
  4672 | D:5      | Noticed a water moccasin
  4685 | D:5      | Killed a water moccasin
  4686 | D:5      | Reached skill level 4 in Polearms
  4686 | D:5      | Reached XP level 7. HP: 32/57 MP: 5/11
  4802 | D:5      | Found a staircase to the Ecumenical Temple.
  5042 | D:5      | Noticed a yak
  5046 | D:5      | Reached *** piety under Demigod
  5047 | D:5      | Reached skill level 5 in Polearms
  5068 | D:5      | Killed a yak
  5405 | D:5      | Reached XP level 8. HP: 56/66 MP: 6/12
  5883 | D:6      | Noticed a troll
  6080 | D:6      | Reached skill level 6 in Polearms
  6221 | D:6      | Reached skill level 5 in Fighting
  6540 | D:6      | Found a shadowy altar of Dithmenos.
  6608 | D:6      | Reached skill level 7 in Polearms
  6620 | D:6      | Found a shimmering altar of Xom.
  6702 | D:6      | Killed Edmund
  6952 | D:6      | Found a shimmering blue altar of Sif Muna.
  6979 | D:6      | Killed a troll
  6980 | D:6      | Reached skill level 8 in Polearms
  6980 | D:6      | Reached XP level 9. HP: 37/74 MP: 6/13
  7356 | D:7      | Found a staircase to the Lair.
  7356 | D:7      | Noticed an elephant
  7464 | D:7      | Reached skill level 9 in Polearms
  7982 | D:7      | Killed an elephant
  7983 | D:7      | Reached skill level 10 in Polearms
  8548 | Lair:1   | Entered Level 1 of the Lair of Beasts
  8553 | Lair:1   | Reached skill level 1 in Armour
  8695 | Lair:1   | Noticed a komodo dragon
  8710 | Lair:1   | Killed a komodo dragon
  8711 | Lair:1   | Reached XP level 10. HP: 7/81 MP: 7/15
  9001 | Lair:1   | Noticed a cane toad
  9032 | Lair:1   | Killed a cane toad
  9032 | Lair:1   | Reached **** piety under Demigod
  9544 | Lair:1   | Reached skill level 5 in Invocations
  9588 | Lair:1   | Noticed a cane toad
  9595 | Lair:1   | Noticed Urug
  9596 | Lair:1   | Killed a cane toad
  9616 | Lair:1   | Killed Urug
  9617 | Lair:1   | Reached skill level 5 in Stealth
  9699 | Lair:1   | Reached XP level 11. HP: 88/89 MP: 9/18
  9937 | Lair:1   | Reached skill level 5 in Dodging
 10687 | Lair:2   | Noticed a six-headed hydra
 11114 | Lair:2   | Reached skill level 5 in Evocations
 11254 | Lair:3   | Reached skill level 11 in Polearms
 11311 | Lair:3   | Got a warped ring mail
 11339 | Lair:3   | Found a staircase to the Shoals.
 11354 | Lair:3   | Reached skill level 5 in Armour
 11965 | Lair:3   | Got a smoking brass ring
 12120 | Lair:3   | Reached ***** piety under Demigod
 12121 | Lair:3   | Reached XP level 12. HP: 83/103 MP: 9/19
 12390 | Lair:4   | Noticed a five-headed hydra
 13184 | Lair:5   | Reached skill level 12 in Polearms
 13458 | Lair:5   | Noticed an anaconda
 13466 | Lair:5   | Killed an anaconda
 13671 | Lair:5   | Reached skill level 5 in Throwing
 14052 | Lair:5   | Reached skill level 10 in Fighting
 14071 | Lair:5   | Found a staircase to the Elven Halls.
 14284 | Lair:5   | Noticed Grum
 14290 | Lair:5   | Killed Grum
 14469 | Lair:6   | Entered Level 6 of the Lair of Beasts
 14649 | Lair:6   | Noticed an anaconda
 14656 | Lair:6   | Killed an anaconda
 14807 | Lair:6   | Identified the +3 bardiche of Pain and Death {vamp, MR+
                  | Str+4 Int+3 SInv} (You acquired it on level 6 of the Lair
                  | of Beasts)
 14807 | Lair:6   | Identified the ring of Qosemeg {*Slow rPois Str+4 SInv}
                  | (You acquired it on level 6 of the Lair of Beasts)
 14809 | Lair:6   | Identified the ring "Zimace" {rPois rF+ rC+ MR+ Int+3} (You
                  | acquired it on level 6 of the Lair of Beasts)
 14813 | Lair:6   | Identified the +7 bardiche of the Crawling Thing {chop,
                  | *Noise MP-9 Str+3 Int+10} (You acquired it on level 6 of
                  | the Lair of Beasts)
 14813 | Lair:6   | Identified the +2 pair of gloves of Refuge {-Cast rF+++
                  | Int+6} (You acquired it on level 6 of the Lair of Beasts)
 14813 | Lair:6   | Identified the amulet of Egomania {Regen Fragile rF++
                  | Slay+5} (You acquired it on level 6 of the Lair of Beasts)
 14816 | Lair:6   | Identified the ring of the Evil One {+Fly Int+2} (You found
                  | it on level 3 of the Lair of Beasts)
 14851 | Lair:6   | Noticed Sonja
 14853 | Lair:6   | Noticed Sonja
 14853 | Lair:6   | Sonja changed into Sonja the troll
 14861 | Lair:6   | Killed Sonja the troll
 14949 | Lair:6   | Identified the +2 ring mail "Maovoek" {+Blink MP+9 Str+4}
                  | (You found it on level 3 of the Lair of Beasts)
 15075 | Lair:6   | Noticed a six-headed hydra
 15081 | Lair:6   | Killed a six-headed hydra
 15082 | Lair:6   | Reached XP level 13. HP: 113/113 MP: 14/20
 16204 | D:8      | Found a staircase to the Orcish Mines.
 16271 | D:8      | Reached ****** piety under Demigod
 16971 | D:9      | Found a shattered altar of Ashenzari.
 17841 | D:10     | Entered Level 10 of the Dungeon
 18387 | D:10     | Got a warped steel amulet
 18446 | D:10     | Reached skill level 10 in Throwing
 18528 | D:10     | Found Efiliyq's Antique Armour Shoppe.
 18746 | D:10     | Identified the +7 scimitar of Instinct {speed, MR+}
 19093 | D:11     | Found Zypnoxoph's Weapon Boutique.
 19170 | D:11     | Found Qimots's Gadget Shop.
 19194 | D:11     | Bought a wand of iceblast (12) for 273 gold pieces
 19236 | D:11     | Found Puf Empeklo's Weapon Shop.
 19261 | D:11     | Found Reilaxon's Antique Weapon Shoppe.
 19309 | D:11     | Found a hazy altar of Hepliaklqana.
 19346 | D:11     | Got a pair of fine gloves
 19352 | D:11     | Identified the +2 pair of gloves of the Kettle-Drum {rElec
                  | MR+ rCorr Dex-2} (You found it on level 11 of the Dungeon)
 19405 | D:11     | Reached XP level 14. HP: 89/121 MP: 15/21
 19504 | D:11     | Found Pimaat's Food Shoppe.
 19766 | D:12     | Entered Level 12 of the Dungeon
 20401 | D:12     | Found a gate to the Vaults.
 20508 | D:12     | Found a staircase to the Depths.
 20989 | Orc      | Entered the Orcish Mines
 21175 | Orc      | Noticed Erica
 21196 | Orc      | Killed Erica
 21224 | Orc      | Found a burning altar of Makhleb.
 21467 | Orc      | Found a viscous altar of Jiyva.
 21507 | Orc      | Found a staircase to the Slime Pits.
 21618 | Orc      | Found Quopruneshu's Antique Weapon Shoppe.
 21773 | Orc      | Found Demott's Weapon Boutique.
 21773 | Orc      | Found Diphoe's Jewellery Shop.
 21774 | Orc      | Found Abos's General Store.
 21778 | Orc      | Found Kuupla's General Store.
 21790 | Orc      | Bought a scroll of identify for 30 gold pieces
 21790 | Orc      | Bought a scroll of identify for 30 gold pieces
 21790 | Orc      | Bought a scroll of fear for 75 gold pieces
 22117 | Lair:2   | Found a staircase to the Swamp.
 22674 | Lair:6   | Reached skill level 10 in Armour
 22674 | Lair:6   | Reached skill level 10 in Dodging
 23058 | Lair:6   | Reached XP level 15. HP: 90/126 MP: 17/25
 23093 | Lair:6   | Learned a level 5 spell: Summon Forest
 23292 | Swamp:1  | Entered Level 1 of the Swamp
 23577 | Swamp:1  | Noticed Kirke
 24016 | Swamp:1  | Noticed a sphinx
 24253 | Swamp:2  | Reached skill level 10 in Invocations
 24358 | Swamp:2  | Noticed Roxanne
 24379 | Swamp:2  | Killed Roxanne
 24933 | Swamp:1  | Killed Kirke
 25078 | Swamp:3  | Entered Level 3 of the Swamp
 25150 | Swamp:3  | Noticed Bai Suzhen
 25251 | Shoals:1 | Entered Level 1 of the Shoals
 25383 | Shoals:1 | Found Tinerose's Book Emporium.
 25399 | Shoals:1 | Reached skill level 10 in Evocations
 25418 | Shoals:1 | Noticed Aizul
 25496 | Shoals:1 | Killed Aizul
 25601 | Shoals:1 | Got a scorched falchion
 25851 | Shoals:1 | Got an ancient silver ring
 26175 | Shoals:1 | Bought a manual of Summonings for 1766 gold pieces
 26371 | Shoals:2 | Identified the cursed ring "Rausitol" {Str+4 Stlth--} (You
                  | found it on level 1 of the Shoals)
 26395 | Shoals:2 | Reached skill level 1 in Summonings
 26660 | Shoals:1 | Reached skill level 1 in Spellcasting
 27319 | Shoals:3 | Entered Level 3 of the Shoals
 27324 | Shoals:3 | Found Zorin's Armour Shoppe.
 27493 | Shoals:3 | Reached XP level 16. HP: 97/136 MP: 18/27
 27562 | Shoals:3 | Noticed a kraken
 27644 | Shoals:3 | Slain by a merfolk impaler

Skill      XL: |  1  2  3  4  5  6  7  8  9 10 11 12 13 14 15 16 |
---------------+-------------------------------------------------+-----
Fighting       | 1 2 3 4 5 6 8 10 | 10.9
Maces & Flails | 1 |  1.0
Dodging        | 3 4 5 8 10 | 10.0
Invocations    | 1 2 3 5 8 10 | 10.0
Evocations     | 1 2 4 5 6 10 | 10.0
Throwing       | 1 2 3 8 10 | 10.0
Polearms       | 2 4 5 8 10 11 12 | 12.7
Armour         | 1 3 5 8 10 | 10.0
Stealth        | 5 |  5.0
Summonings     | 2 3 |  3.0
Spellcasting   | 1 |  1.8

Action                   |  1- 3 |  4- 6 |  7- 9 | 10-12 | 13-15 | 16-18 || total
-------------------------+-------+-------+-------+-------+-------+-------++-------
Melee: Whip              |   200 |    68 |       |       |       |       ||   268
       Falchion          |    39 |       |       |       |       |       ||    39
       Demon trident     |       |    91 |   269 |   497 |  1076 |    23 ||  1956
Throw: Tomahawk          |       |    22 |    61 |   153 |   338 |    10 ||   584
       Javelin           |       |       |       |    16 |    25 |       ||    41
Invok: Growth            |       |       |       |     1 |       |       ||     1
       Divine Shield     |       |       |       |     1 |       |       ||     1
       Major Destruction |       |       |       |       |     1 |       ||     1
Evoke: Wand              |       |       |       |    29 |    25 |     1 ||    55
       Lightning rod     |       |       |       |       |     8 |       ||     8
       Lamp of fire      |       |       |       |       |     3 |       ||     3
  Use: Scroll            |     4 |     3 |     6 |     8 |    19 |       ||    40
       Potion            |       |       |     6 |     5 |    10 |     1 ||    22
 Stab: Sleeping          |     6 |       |     1 |       |    13 |       ||    20
       Distracted        |       |       |       |     1 |     2 |       ||     3
       Confused          |       |       |       |     1 |       |       ||     1
       Paralysed         |       |       |       |     5 |       |       ||     5
       Invisible         |       |       |       |       |     1 |       ||     1
  Eat: Chunk             |     9 |    15 |    18 |    27 |    58 |     1 ||   128
       Ration            |       |       |     1 |     2 |     2 |       ||     5
Armor: Robe              |    63 |       |       |       |       |       ||    63
       Chain mail        |    55 |   102 |   151 |   187 |       |       ||   495
       Skin              |       |       |    25 |     4 |    36 |       ||    65
       Ring mail         |       |       |       |     2 |   318 |     5 ||   325
Dodge: Dodged            |   130 |    31 |    55 |   190 |   611 |    15 ||  1032
Block: Other             |       |       |       |     6 |       |       ||     6
